 Dungeon Crawl Stone Soup version 0.31-a0-164-g2312942fda (webtiles) character file.

Game seed: 119087698139335624

7849 qw the Skirmisher (level 11, -1/71 HPs)
             Began as a Gargoyle Hunter on June 13, 2023.
             Was a Believer of Okawaru.
             Slain by a boulder beetle (13 damage)
             ... on level 9 of the Dungeon.
             The game lasted 00:03:35 (7260 turns).

qw the Skirmisher (Gargoyle Hunter)                 Turns: 7260, Time: 00:03:36

Health: -1/71      AC: 28    Str: 15    XL:     11   Next: 21%
Magic:  12/14      EV: 17    Int: 10    God:    Okawaru [**....]
Gold:   535        SH:  0    Dex: 17    Spells: 10/10 levels left

rFire   . . .        Y - +0 orcbow
rCold   . . .        (shield currently unavailable)
rNeg    + + .        o - +5 leather armour "Cuil" {Slay+3}
rPois   inf          t - +2 hat
rElec   +            k - +0 cloak
rCorr   .            b - +1 pair of gloves
SInv    .            c - +0 pair of boots
Will    .....        (no amulet)
Stlth   +++          j - +4 ring of protection
HPRegen 0.31/turn    p - ring of positive energy
MPRegen 0.14/turn

%: no passive effects
@: heroic
A: sickness immunity, AC +8, negative energy resistance 1, electricity
resistance, torment resistance 1, petrification resistance
a: Renounce Religion, Heroism


You were on level 9 of the Dungeon.
You worshipped Okawaru.
Okawaru was pleased with you.
You visited 2 branches of the dungeon, and saw 10 of its levels.

You collected 535 gold pieces.


Innate Abilities, Weirdness & Mutations

You are immune to sickness and miasma.
Your stone body is resilient. (AC +8)
You are immune to poison.
You resist negative energy. (rN+)
You are resistant to electric shocks. (rElec)
You are resistant to unholy torment.
You are immune to petrification.


   Skills:
 - Level 9.0(14.0) Fighting
 + Level 13.6(18.6) Ranged Weapons
 - Level 3.1(8.1) Armour
 - Level 4.7(9.7) Dodging
 - Level 1.1(6.1) Stealth
 - Level 4.1 Invocations


You had 10 spell levels left.
You didn't know any spells.
Your spell library was empty.

Inventory:

Hand Weapons
 f - the +8 sling of Dishonour {drain, rF+ rN+ Will+}
   (You found it on level 5 of the Dungeon)

   rF:        It protects you from fire.
   rN:        It protects you from negative energy.
   Will:      It increases your willpower.
 Y - a +0 orcbow (weapon)
Armour
 b - a +1 pair of gloves (worn)
 c - a +0 pair of boots (worn)
 h - a +2 leather armour of cold resistance
 k - a +0 cloak (worn)
 o - the +5 leather armour "Cuil" (worn) {Slay+3}
   (You found it on level 3 of the Dungeon)

   Slay:      It affects your accuracy & damage with ranged weapons and melee
   (+3).
 q - +0 acid dragon scales
 r - a +2 leather armour of fire resistance
 t - a +2 hat (worn)
Jewellery
 j - a +4 ring of protection (left hand)
 p - a ring of positive energy (right hand)
Scrolls
 a - a scroll of identify
Potions
 d - 3 potions of lignification
 e - a potion of haste
 g - a potion of curing
 i - a potion of cancellation
 l - 3 potions of mutation
 n - a potion of ambrosia {unknown}
 s - a potion of might {unknown}
 u - a potion of brilliance {unknown}

Dungeon Overview and Level Annotations

Branches:
Dungeon (9/15)             Temple (1/1) D:5
   Lair: D:8-11         Orc: D:9-12

Altars:
Ashenzari
Cheibriados
Dithmenos
Elyvilon
Gozag
Hepliaklqana
Kikubaaqudgha
Makhleb
Nemelex Xobeh
Okawaru
Ru
Sif Muna
Trog
Uskayaw
Vehumet
Wu Jian
Xom
Zin
The Shining One

Shops:
D:1 ?

Annotations:
D:8 1 runed translucent door


Message History

You shoot an arrow. The arrow hits the boulder beetle!
The boulder beetle is moderately wounded.
You shoot an arrow.
The arrow hits the boulder beetle but does no damage.
The boulder beetle is moderately wounded.
You shoot an arrow. The arrow hits the boulder beetle.
The boulder beetle is moderately wounded.
You shoot an arrow.
The arrow hits the boulder beetle but does no damage.
The boulder beetle is moderately wounded.
You shoot an arrow. The arrow hits the boulder beetle!
The boulder beetle is heavily wounded.
The boulder beetle completely misses you.
You shoot an arrow. The arrow hits the boulder beetle.
The boulder beetle is heavily wounded.
You feel like a meek peon again.
The boulder beetle bites you but does no damage.
7253 ||| INVOKING Heroism.
You gain the combat prowess of a mighty hero.
The boulder beetle leaps!
You shoot an arrow. The arrow hits the boulder beetle.
The boulder beetle is heavily wounded.
You shoot an arrow.
The arrow hits the boulder beetle but does no damage.
The boulder beetle is heavily wounded.
You shoot an arrow.
The arrow hits the boulder beetle but does no damage.
The boulder beetle is heavily wounded.
You shoot an arrow.
The arrow hits the boulder beetle but does no damage.
The boulder beetle is heavily wounded.
You shoot an arrow. The arrow hits the boulder beetle!
The boulder beetle is severely wounded.
You shoot an arrow. The arrow hits the boulder beetle.
The boulder beetle is severely wounded.
You shoot an arrow.
The arrow hits the boulder beetle but does no damage.
The boulder beetle is severely wounded.
The boulder beetle bites you!
You die...

.##.... ........ ..#....
........ .......
h....... .......
........ P...[..######..
...[.... #............
........ #...%B.?.....
........ #.@# #. #..# #.
#..# #. #..# #..# #.
#..# #..# #. #.)# #..#
#. #..# #..# #. #..#
#..# #.
######..#####..########.


You could see a boulder beetle.

Vanquished Creatures
  A death yak (D:9)
  A two-headed ogre (D:8)
  Pikel (D:4)
  Joseph (D:7)
  Maurice (D:8)
  Maggie (D:8)
  A troll (D:9)
  A hornet (D:8)
  3 slime creatures (D:9)
  Sigmund (D:2)
  A wyvern (D:9)
  2 steam dragons (D:8)
  Duvessa (D:7)
  2 acid dragons
  An orc warrior (D:7)
  4 ice beasts
  2 sky beasts (D:7)
  4 black bears
  4 centaurs
  2 phantoms
  A kobold brigand (D:9)
  2 bullfrogs
  A gnoll sergeant (D:8)
  A scorpion (D:6)
  6 wights (D:7)
  Dowan (D:7)
  4 killer bees (D:7)
  3 howler monkeys
  2 electric eels
  5 hounds
  4 jellies
  2 gnoll boudas
  4 orc priests
  3 iguanas
  4 orc wizards
  2 sleepcaps
  Robin (D:2)
  11 gnolls
  9 adders
  2 river rats (D:3)
  3 shadow imps
  A white imp (D:5)
  An ufetubus (D:4)
  A dart slug (D:2)
  15 orcs
  5 bats
  7 endoplasms
  4 giant cockroaches
  14 goblins
  7 hobgoblins
  7 quokkas
  6 ball pythons
  A frilled lizard (D:1)
  14 kobolds
  9 rats
198 creatures vanquished.

Notes
Turn   | Place    | Note
-------+----------+-------------------------------------------
     0 | D:1      | qw the Gargoyle Hunter began the quest for the Orb.
     0 | D:1      | Reached XP level 1. HP: 12/12 MP: 1/1
     0 | D:1      | 0 ||| qw: Version: 0.2-a-29-gc1b59c4
     0 | D:1      | 0 ||| qw: Game counter: 4536
     0 | D:1      | 0 ||| qw: Always use a shield: true
     0 | D:1      | 0 ||| qw: God list: Okawaru
     0 | D:1      | 0 ||| qw: Allow faded altars: false
     0 | D:1      | 0 ||| qw: Do Orc after D:15 true
     0 | D:1      | 0 ||| qw: Do second Lair branch before Depths: true
     0 | D:1      | 0 ||| qw: Lair rune preference: random
     0 | D:1      | 0 ||| qw: Plans: Normal, Zot:1-4, Slime:5, God:TSO, Crypt,
                  | Tomb, Abyss, Pan, Hells, Win
     0 | D:1      | 0 ||| PLANNING D:1-11
    87 | D:1      | Found a faded altar of an unknown god.
   111 | D:1      | Found Wiocou Poob's Magic Scroll Boutique.
   114 | D:1      | 114 ||| SHOPLISTING scroll of brand weapon (114 gold, have
                  | 9).
   114 | D:1      | 114 ||| SHOPLISTING scroll of enchant armour (90 gold, have
                  | 9).
   114 | D:1      | 114 ||| SHOPLISTING scroll of identify (24 gold, have 9).
   114 | D:1      | 114 ||| SHOPLISTING scroll of teleportation (36 gold, have
                  | 9).
   121 | D:1      | Reached XP level 2. HP: 17/17 MP: 2/2
   300 | D:1      | 300 ||| FLEEEEING.
   301 | D:1      | 301 ||| FLEEEEING.
   389 | D:1      | Reached XP level 3. HP: 21/21 MP: 3/3
   548 | D:1      | 548 ||| READING scroll labelled NOS VUCENYNN.
   549 | D:1      | 549 ||| READING 2 scrolls labelled SUOGAUNYEM.
   550 | D:1      | 550 ||| READING scroll labelled YTYBLOCVUN.
   555 | D:1      | 555 ||| DROPPING scroll of butterflies.
   556 | D:1      | 556 ||| DROPPING scroll of amnesia.
   576 | D:2      | Noticed Sigmund
   586 | D:2      | HP: 4/21 [something (8)]
   587 | D:2      | Killed Sigmund
   588 | D:2      | Reached skill level 6 in Ranged Weapons
   588 | D:2      | Reached XP level 4. HP: 5/26 MP: 4/4
   588 | D:2      | Reached XP level 5. HP: 6/30 MP: 5/5
   591 | D:2      | 591 ||| READING scroll of teleportation.
   592 | D:2      | HP: 6/30 [adder (2)]
   598 | D:2      | HP: 3/30 [adder (2)]
  1019 | D:2      | Reached skill level 3 in Fighting
  1041 | D:2      | Noticed Robin
  1046 | D:2      | Killed Robin
  1047 | D:2      | Reached XP level 6. HP: 37/37 MP: 6/6
  1284 | D:2      | 1284 ||| UPGRADING to +2 robe of willpower.
  1294 | D:2      | 1294 ||| DROPPING +0 leather armour.
  1295 | D:2      | 1295 ||| UPGRADING to +0 helmet.
  1300 | D:2      | 1300 ||| UPGRADING to +4 ring of protection.
  1301 | D:2      | 1301 ||| READING scroll labelled MATAXY RYGOSEC.
  1302 | D:2      | 1302 ||| READING scroll labelled FUKOQOIGHOY.
  1303 | D:2      | 1303 ||| READING scroll labelled EQOP HISEOSENN.
  1304 | D:2      | 1304 ||| READING 2 scrolls of identify.
  1304 | D:2      | 1304 ||| IDENTIFYING grey potion
  1324 | D:3      | 1324 ||| PLANNING SEWER
  1505 | D:3      | Found a sparkling altar of Nemelex Xobeh.
  2004 | D:3      | Identified the +5 leather armour "Cuil" {Slay+3}
  2116 | D:3      | 2116 ||| RIP SEWER
  2132 | D:3      | 2132 ||| PLANNING D:1-11
  2182 | D:3      | Reached skill level 7 in Ranged Weapons
  2185 | D:3      | 2185 ||| UPGRADING to +5 leather armour "Cuil" {Slay+3}.
  2195 | D:3      | 2195 ||| DROPPING +2 robe of willpower.
  2196 | D:3      | 2196 ||| UPGRADING to ring of positive energy.
  2197 | D:3      | 2197 ||| READING scroll labelled OLYAMEODWE.
  2198 | D:3      | 2198 ||| READING scroll labelled HITOFF TANT.
  2199 | D:3      | 2199 ||| DRINKING 2 orange potions.
  2200 | D:3      | 2200 ||| READING 2 scrolls of identify.
  2200 | D:3      | 2200 ||| IDENTIFYING green potion
  2201 | D:3      | 2201 ||| DROPPING potion of enlightenment.
  2246 | D:4      | Noticed Pikel
  2274 | D:4      | Killed Pikel
  2275 | D:4      | Reached XP level 7. HP: 18/43 MP: 7/7
  2275 | D:4      | Reached XP level 8. HP: 20/48 MP: 8/8
  2836 | D:4      | HP: 12/48 [centaur/arrow (9)]
  2837 | D:4      | Reached skill level 8 in Ranged Weapons
  2837 | D:4      | 2837 ||| DRINKING potion of heal wounds.
  2964 | D:4      | 2964 ||| SWAPPING to +0 orcbow.
  2965 | D:4      | 2965 ||| DROPPING +1 shortbow.
  3236 | D:4      | 3236 ||| UPGRADING to +0 pair of boots.
  3241 | D:4      | 3241 ||| READING 2 scrolls of identify.
  3241 | D:4      | 3241 ||| IDENTIFYING bubbling blue potion
  3253 | D:5      | Entered Level 5 of the Dungeon
  3363 | D:5      | Identified the +8 sling of Dishonour {drain, rF+ rN+ Will+}
  3384 | D:5      | Found a hide-covered altar of Uskayaw.
  3554 | D:5      | Found a bloodstained altar of Trog.
  3555 | D:5      | Found a hazy altar of Hepliaklqana.
  3565 | D:5      | Found a staircase to the Ecumenical Temple.
  3566 | D:5      | 3566 ||| PLANNING TEMPLE
  3566 | D:5      | 3566 ||| READING scroll labelled XOYPOINIURI.
  3575 | Temple   | Entered the Ecumenical Temple
  3583 | Temple   | 3583 ||| PLANNING OKAWARU WORSHIP
  3744 | Temple   | Became a worshipper of Warmaster Okawaru
  3744 | Temple   | 3744 ||| PLANNING D:1-11
  3868 | D:5      | Found a shimmering altar of Xom.
  3868 | D:5      | Found a shimmering blue altar of Sif Muna.
  3870 | D:5      | Found a glowing golden altar of the Shining One.
  3975 | D:5      | Reached skill level 9 in Ranged Weapons
  4100 | D:5      | 4100 ||| UPGRADING to +1 pair of gloves.
  4105 | D:5      | 4105 ||| DRINKING 2 puce potions.
  4123 | D:6      | Reached XP level 9. HP: 55/55 MP: 9/9
  4125 | D:6      | Reached skill level 6 in Fighting
  4238 | D:6      | 4238 ||| Stepping ~*~*~tactically~*~*~ (outnumbered).
  4282 | D:6      | Reached * piety under Okawaru
  4302 | D:6      | 4302 ||| READING scroll labelled WUSUCAU SIOL.
  4303 | D:6      | 4303 ||| DRINKING 2 white potions.
  4425 | D:6      | 4425 ||| READING 3 scrolls of identify.
  4425 | D:6      | 4425 ||| IDENTIFYING silvery potion
  4426 | D:6      | 4426 ||| READING 2 scrolls of identify.
  4426 | D:6      | 4426 ||| IDENTIFYING inky potion
  4427 | D:6      | 4427 ||| DROPPING potion of invisibility.
  4428 | D:6      | 4428 ||| DROPPING potion of berserk rage.
  4565 | D:6      | 4565 ||| INVOKING Heroism.
  4671 | D:6      | Reached skill level 1 in Invocations
  4713 | D:6      | 4713 ||| INVOKING Heroism.
  4716 | D:6      | Reached skill level 10 in Ranged Weapons
  4767 | D:6      | Found an ornate altar of the Wu Jian Council.
  4932 | D:6      | 4932 ||| READING scroll labelled WOYKHLO OV OLL.
  4933 | D:6      | 4933 ||| READING scroll labelled OCIZXICEYZ.
  4934 | D:6      | 4934 ||| READING 2 scrolls of identify.
  4934 | D:6      | 4934 ||| IDENTIFYING metallic emerald potion
  4956 | D:7      | Found a burning altar of Makhleb.
  4964 | D:7      | 4964 ||| STAIRDANCE
  4966 | D:6      | 4966 ||| DRINKING potion of curing.
  4966 | D:6      | 4966 ||| (to cure confusion)
  5000 | D:7      | Noticed Joseph
  5004 | D:7      | 5004 ||| FLEEEEING.
  5005 | D:7      | 5005 ||| FLEEEEING.
  5006 | D:7      | 5006 ||| FLEEEEING.
  5007 | D:7      | 5007 ||| FLEEEEING.
  5008 | D:7      | 5008 ||| FLEEEEING.
  5009 | D:7      | 5009 ||| FLEEEEING.
  5010 | D:7      | 5010 ||| FLEEEEING.
  5011 | D:7      | 5011 ||| FLEEEEING.
  5012 | D:7      | 5012 ||| FLEEEEING.
  5013 | D:7      | 5013 ||| FLEEEEING.
  5014 | D:7      | 5014 ||| FLEEEEING.
  5015 | D:7      | 5015 ||| FLEEEEING.
  5016 | D:7      | 5016 ||| STAIRDANCE
  5055 | D:7      | Killed Joseph
  5056 | D:7      | Reached skill level 3 in Invocations
  5074 | D:7      | Found a glowing silver altar of Zin.
  5078 | D:7      | Noticed an angel
  5080 | D:7      | Noticed an Executioner
  5105 | D:7      | 5105 ||| INVOKING Heroism.
  5194 | D:7      | 5194 ||| INVOKING Heroism.
  5353 | D:7      | Noticed Duvessa
  5353 | D:7      | Noticed Dowan
  5354 | D:7      | 5354 ||| INVOKING Heroism.
  5362 | D:7      | Killed Duvessa
  5363 | D:7      | Reached XP level 10. HP: 59/63 MP: 10/13
  5365 | D:7      | Killed Dowan
  5366 | D:7      | Reached skill level 11 in Ranged Weapons
  5415 | D:7      | Reached skill level 3 in Armour
  5494 | D:7      | Reached ** piety under Okawaru
  5827 | D:7      | 5827 ||| INVOKING Heroism.
  5861 | D:7      | 5861 ||| Stepping ~*~*~tactically~*~*~ (outnumbered).
  5947 | D:7      | 5947 ||| INVOKING Heroism.
  6108 | D:7      | 6108 ||| INVOKING Heroism.
  6149 | D:7      | 6149 ||| DRINKING 3 pink potions.
  6150 | D:7      | 6150 ||| DROPPING 2 potions of degeneration.
  6269 | D:8      | Noticed Maggie
  6272 | D:8      | Noticed a two-headed ogre
  6273 | D:8      | 6273 ||| INVOKING Heroism.
  6279 | D:8      | Killed Maggie
  6284 | D:8      | Killed a two-headed ogre
  6285 | D:8      | Reached skill level 12 in Ranged Weapons
  6322 | D:8      | Found a radiant altar of Vehumet.
  6420 | D:8      | 6420 ||| INVOKING Heroism.
  6527 | D:8      | Found a runed translucent door.
  6556 | D:8      | 6556 ||| INVOKING Heroism.
  6617 | D:8      | Noticed Maurice
  6620 | D:8      | Paralysed by Maurice for 3 turns
  6649 | D:8      | Paralysed by something for 2 turns
  6652 | D:8      | Killed Maurice
  6932 | D:8      | 6932 ||| UPGRADING to +0 cloak.
  6937 | D:8      | 6937 ||| UPGRADING to +2 hat.
  6947 | D:8      | 6947 ||| DROPPING +0 helmet.
  6948 | D:8      | 6948 ||| DROPPING ring of magical power.
  6970 | D:9      | 6970 ||| INVOKING Heroism.
  6977 | D:9      | Reached skill level 13 in Ranged Weapons
  7077 | D:9      | Reached XP level 11. HP: 53/69 MP: 14/14
  7081 | D:9      | 7081 ||| INVOKING Heroism.
  7084 | D:9      | Reached skill level 9 in Fighting
  7133 | D:9      | 7133 ||| FLEEEEING.
  7149 | D:9      | 7149 ||| FLEEEEING.
  7150 | D:9      | 7150 ||| FLEEEEING.
  7151 | D:9      | 7151 ||| FLEEEEING.
  7217 | D:9      | Noticed a death yak
  7218 | D:9      | 7218 ||| INVOKING Heroism.
  7218 | D:9      | Noticed a boulder beetle
  7234 | D:9      | HP: 17/71 [boulder beetle (15)]
  7237 | D:9      | HP: 7/71 [boulder beetle (11)]
  7238 | D:9      | Killed a death yak
  7253 | D:9      | 7253 ||| INVOKING Heroism.
  7260 | D:9      | Slain by a boulder beetle

Levels and vault maps discovered:
D:1:      beargit_arrival_diablo_church, layout_rooms, serial_shops,
          nicolae_shop_behind_doors, hellmonk_ecumenical_altar_inner_sanctum,
          glass_columns_c, chequers_serial_rivers_micro_e
D:2:      layout_loops_ring, minmay_cupped, uniq_sigmund, uniq_robin
D:3:      layout_loops_ring, lemuel_doored_altar, gup_sewer_entry_bubbles,
          minmay_misc_feat_columns, bh_walls_and_bars
D:4:      layout_gridville, nicolae_eternal_life, minmay_manual_mares,
          uniq_pikel
D:5:      layout_basic, nicolae_uskayaw_dance_hall,
          nicolae_overflow_hidden_temple, minmay_temple_entry_grid,
          dreamdust_princess_bridge, grunt_ministairs_14,
          minmay_fractal_squares_gapless_5
D:6:      layout_loops_ring, nicolae_wu_jian_immortal_techniques
D:7:      layout_gridville, grunt_temple_overflow_order_and_chaos_2,
          lightli_minifort, uniq_joseph, uniq_duvessa
D:8:      layout_basic, nicolae_vehumet_radiance,
          hangedman_abyss_or_decor_stagger, hangedman_decor_slide_cut,
          fountainhead, lightli_church_of_beogh, uniq_maggie, uniq_maurice
D:9:      layout_small_grid, david_lair_generic, uniq_erolcha
Temple:   hellmonk_temple_forest_ring

Skill      XL: |  1  2  3  4  5  6  7  8  9 10 11 |
---------------+----------------------------------+-----
Ranged Weapons | 6 7 9 10 13 | 13.6
Fighting       | 3 4 5 7 8 9 |  9.0
Armour         | 2 3 |  3.1
Dodging        | 4 |  4.7
Invocations    | 4 |  4.1
Stealth        | |  1.1

Action                     |  1- 3 |  4- 6 |  7- 9 | 10-12 || total
---------------------------+-------+-------+-------+-------++-------
   Fire: Shortbow          |    70 |   189 |    58 |       ||   317
         Orcbow            |       |       |   229 |   303 ||   532
 Invoke: Heroism           |       |       |     5 |    10 ||    15
    Use: Scroll            |     3 |     8 |     8 |       ||    19
         Potion            |       |     1 |     4 |     1 ||     6
 Armour: Leather armour    |    17 |    37 |    94 |    59 ||   207
         Robe              |       |    23 |       |       ||    23
  Dodge: Dodged            |    19 |    84 |   128 |    73 ||   304

Table legend:
 A = Non-vault XP
 B = Vault XP
 C = Vault XP percentage of total XP
 D = Non-vault monster count
 E = Vault monster count
 F = Vault count percentage of total count
                 A         B        C        D         E       F
            +---------+---------+-------+---------+---------+-------
      Total |    6900 |    4314 |  38.5 |     158 |      40 |  20.2
            +---------+---------+-------+---------+---------+-------
        D:1 |      37 |       0 |   0.0 |      23 |       0 |   0.0
        D:2 |      39 |     250 |  86.5 |       8 |      15 |  65.2
        D:3 |     118 |      46 |  28.0 |      18 |       7 |  28.0
        D:4 |     372 |     871 |  70.1 |      22 |       3 |  12.0
        D:5 |     294 |     238 |  44.7 |       8 |       3 |  27.3
        D:6 |    1038 |       0 |   0.0 |      20 |       0 |   0.0
        D:7 |    1837 |     886 |  32.5 |      29 |       7 |  19.4
        D:8 |    1819 |     867 |  32.3 |      15 |       2 |  11.8
        D:9 |    1346 |    1156 |  46.2 |      15 |       3 |  16.7
            +---------+---------+-------+---------+---------+-------
